 Dungeon Crawl Stone Soup version 0.21-a0-264-g3e31e41 (webtiles) character file.

27 zane53102 the Slasher (level 2, -5/22 HPs)
             Began as a Demonspawn Gladiator on Sept 8, 2017.
             Killed by divine providence
             ... invoked by an orc priest
              (12 damage)
             ... on level 2 of the Dungeon.
             The game lasted 00:03:07 (918 turns).

zane53102 the Slasher (Demonspawn Gladiator)         Turns: 918, Time: 00:03:07

Health: -5/22      AC:  4    Str: 14    XL:     2   Next: 93%
Magic:  2/2        EV: 18    Int:  9    God:
Gold:   26         SH:  0    Dex: 19    Spells: 1/1 levels left

rFire    . . .     SeeInvis .   e - +0 hand axe (elec)
rCold    . . .     Gourm    .   (no shield)
rNeg     . . .     Faith    .   b - +0 leather armour
rPois    .         Spirit   .   c - +0 helmet
rElec    .         Reflect  .   (no cloak)
rCorr    .         Harm     .   (no gloves)
MR       .....                  (no boots)
Stlth    ++........             (no amulet)
HPRegen  0.07/turn              (no ring)
MPRegen  0.08/turn              (no ring)

@: agile
A: powered by pain 1
a: no special abilities


You were on level 2 of the Dungeon.
You were not hungry.

You visited 1 branch of the dungeon, and saw 2 of its levels.

You collected 26 gold pieces.

Inventory:

Hand Weapons
 a - a +0 long sword
 e - a +0 hand axe of electrocution (weapon)
Missiles
 d - 3 throwing nets (quivered)
Armour
 b - a +0 leather armour (worn)
 c - a +0 helmet (worn)
 h - a +0 ring mail
Jewellery
 i - a +4 amulet of reflection {unknown}
Comestibles
 f - 2 bread rations
 g - a royal jelly


   Skills:
 + Level 2.2 Fighting
 + Level 3.2 Long Blades
 + Level 2.0 Throwing
 + Level 0.1 Armour
 + Level 2.9 Dodging


You had one spell level left.
You didn't know any spells.

Dungeon Overview and Level Annotations

Branches:
Dungeon (2/15)

Altars:


Innate Abilities, Weirdness & Mutations

You sometimes gain a little power by taking damage.


Message History

The adder closely misses you.
You riposte.
You hit the adder.
You kill the adder!
The hobgoblin misses you.
You aren't carrying any spellbooks or scrolls.
Unknown command.
You aren't carrying any spellbooks or scrolls.
You hit the giant cockroach but do no damage.
The giant cockroach is heavily wounded.
The bat misses you. The giant cockroach bites you.
The orc priest closely misses you. The orc hits you but does no damage.
The giant cockroach closely misses you. The orc misses you.
The hobgoblin completely misses you.
You riposte.
You completely miss the hobgoblin.
Wield which item (- for none, * to show all)? (? for menu, Esc to quit)
You hear the crackle of electricity.
e - a +0 hand axe of electrocution (weapon)
The orc priest mumbles some strange prayers to Beogh against you.
Beogh smites you!
Ouch! That really hurt!
You die...

#.. ### ..# ##
#####.######.
...#...%........
................
.......b.l.[###
......oog.....#
..?.)os@†..##...
......oo...#
.......>...#
............(
...#[?...#####
#######.#. #...
#....


You could see 2 orc priests, 3 orcs, a giant cockroach, a hobgoblin, a bat and a
frilled lizard.

Vanquished Creatures
  2 adders (D:2)
  A dart slug (D:1)
  A giant cockroach (D:1)
  A goblin (D:1)
  A kobold (D:1)
  A bat (D:1)
  2 rats
9 creatures vanquished.

Notes
Turn   | Place    | Note
-------+----------+-------------------------------------------
     0 | D:1      | zane53102 the Demonspawn Gladiator began the quest for the Orb.
     0 | D:1      | Reached XP level 1. HP: 16/16 MP: 1/1
   868 | D:1      | Gained mutation: You sometimes gain a little power by taking damage. [demonic ancestry]
   868 | D:1      | Reached XP level 2. HP: 22/22 MP: 2/2
   900 | D:2      | Reached skill level 3 in Long Blades
   918 | D:2      | Killed from afar by an orc priest

Vault maps used:
D:1:      dpeg_arrival_pits, minmay_pentomino_x4

Skill      XL: |  1  2 |
---------------+-------+-----
Long Blades    | 3 |  3.2
Throwing       | 2 |  2.0
Fighting       | |  2.2
Armour         | |  0.1
Dodging        | |  2.9

Action                   || total
-------------------------++-------
Melee: Long sword        ||    15
  Use: Scroll            ||     1
Armor: Leather armour    ||    10
Dodge: Dodged            ||    40
       Rpst.: Long sword ||    16

Table legend:
 A = Spawn XP
 B = Non-spawn XP
 C = Spawn XP percentage of total XP
 D = Spawn monster count
 E = Non-spawn monster count
 F = Spawn count percentage of total count
 G = Total turns spent on level
                    A         B        C        D         E        F      G
               +---------+---------+-------+---------+---------+-------+---------
         Total |       0 |      39 |   0.0 |       0 |       9 |   0.0 |   918
               +---------+---------+-------+---------+---------+-------+---------
           D:1 |       0 |      12 |   0.0 |       0 |       6 |   0.0 |   894
           D:2 |       0 |      27 |   0.0 |       0 |       3 |   0.0 |    24
               +---------+---------+-------+---------+---------+-------+---------
